 Dungeon Crawl Stone Soup version 0.29-a0-483-g69413ace17 (webtiles) character file.

Game seed: 14091919830002855304

1330 hquester the Bolt Thrower (level 8, -3/42 HPs)
             Began as a Spriggan Hunter on May 25, 2022.
             Slain by an ogre
             ... wielding a +0 giant club
              (38 damage)
             ... on level 5 of the Dungeon.
             The game lasted 00:37:07 (6255 turns).

hquester the Bolt Thrower (Spriggan Hunter)         Turns: 6255, Time: 00:37:08

Health: -3/42      AC:  2    Str:  7    XL:     8   Next: 34%
Magic:  9/9        EV: 24    Int: 10    God:
Gold:   395        SH:  0    Dex: 27    Spells: 7/7 levels left

rFire   . . .      SeeInvis +   a - +1 hand crossbow (chaos)
rCold   . . .      Faith    .   v - orb {mayhem}
rNeg    . . .      Spirit   .   b - +0 robe
rPois   .          Reflect  .   (helmet restricted)
rElec   .          Harm     .   (no cloak)
rCorr   .          Rampage  .   (gloves unavailable)
Will    +....                   (boots unavailable)
Stlth   ++++......              p - amulet of the acrobat
HPRegen 0.14/turn               h - ring of flight
MPRegen 0.11/turn               i - +6 ring of dexterity

@: flying, very quick
A: very small, no large weapons, unfitting armour, see invisible, speed 3
a: no special abilities


You were on level 5 of the Dungeon.
You visited 1 branch of the dungeon, and saw 5 of its levels.
You also visited: Ossuary.

You collected 395 gold pieces.

Inventory:

Hand Weapons
 a - a +1 hand crossbow of chaos (weapon)
Armour
 b - a +0 robe (worn)
 v - an orb of mayhem (worn)
Jewellery
 h - a ring of flight (left hand)
 i - a +6 ring of dexterity (right hand)
 p - an amulet of the acrobat (around neck)
 y - a +6 ring of strength
Wands
 r - a wand of polymorph (22)
 w - a wand of iceblast (8)
Scrolls
 c - a scroll of immolation
 k - a scroll of fear
 o - 2 scrolls of teleportation
 s - 2 scrolls of blinking
 t - a scroll of noise
 A - a scroll of brand weapon
Potions
 d - a potion of might
 e - a potion of ambrosia
 f - 7 potions of heal wounds
 g - 5 potions of curing
 j - 2 potions of attraction
 l - 5 potions of brilliance
 m - 2 potions of degeneration
 n - a potion of magic
 u - a potion of flight
 x - 3 potions of lignification
 B - a potion of haste {unknown}


   Skills:
 + Level 4.1 Fighting
 * Level 7.6 Crossbows
 + Level 6.4 Dodging
 + Level 7.1 Stealth
 - Level 0.2 Spellcasting


You had 7 spell levels left.
You didn't know any spells.
Your spell library contained the following spells:

 Spells                   Type           Power      Damage    Failure   Level
 Apportation              Tloc           0%         N/A       36%         1
 Necrotize                Necr           0%         1d4       36%         1
 Shock                    Conj/Air       0%         1d3       36%         1
 Summon Small Mammal      Summ           0%         N/A       36%         1
 Poisonous Vapours        Pois/Air       0%         N/A       50%         2
 Sublimation of Blood     Necr           0%         N/A       50%         2
 Gell's Gravitas          Tloc           0%         N/A       75%         3
 Swiftness                Air            0%         N/A       75%         3
 Teleport Other           Tloc           0%         N/A       75%         3
 Airstrike                Air            0%         N/A       98%         4
 Petrify                  Tmut/Erth      0%         N/A       98%         4
 Freezing Cloud           Conj/Ice/Air   0%         6-21      100%        5
 Irradiate                Conj/Tmut      0%         3d13      100%        5
 Conjure Ball Lightning   Conj/Air       0%         3x3d6     100%        6
 Dispersal                Tloc           0%         N/A       100%        6
 Malign Gateway           Summ/Tloc      0%         N/A       100%        7


Dungeon Overview and Level Annotations

Branches:
Dungeon (5/15)            Ossuary (visited)
 Temple: D:4-7

Altars:
Ashenzari

Annotations:
D:5 Prince Ribbit


Innate Abilities, Weirdness & Mutations

You are very small and have problems with some larger weapons.
You are too small for most types of armour.
You have supernaturally acute eyesight. (SInv)
You cover ground extremely quickly. (Speed+++)


Message History

You shoot a bolt. The iguana hisses angrily.
The bolt hits the ogre.
The bolt burns the ogre.
The ogre is heavily wounded.
Shoot: a) +1 hand crossbow (chaos)
Press: ? - help, Q - select action, (/) - cycle Shift-Dir - straight line, f/p - ogre
Aim: an ogre, wielding a +0 giant club (severely wounded, poisoned, 82% to hit)
You shoot a bolt. The bolt hits the hound!
The hound seems to grow stronger.
The hound is severely wounded.
The hound bites you!
Shoot: a) +1 hand crossbow (chaos)
Press: ? - help, Q - select action, (/) - cycle Shift-Dir - straight line, f/p - ogre
Aim: an ogre, wielding a +0 giant club (severely wounded, poisoned, 82% to hit)
You shoot a bolt. The bolt barely misses the hound.
The bolt hits the ogre but does no damage.
The ogre goes berserk!
The ogre is severely wounded.
The hound completely misses you.
Shoot: a) +1 hand crossbow (chaos)
Press: ? - help, Q - select action, (/) - cycle Shift-Dir - straight line, f/p - ogre
Aim: an ogre, wielding a +0 giant club (severely wounded, berserk, poisoned, 82% to hit)
You shoot a bolt. The bolt hits the hound.
The hound is almost dead.
The hound blinks!
The ogre looks more healthy.
Shoot: a) +1 hand crossbow (chaos)
Press: ? - help, Q - select action, (/) - cycle Shift-Dir - straight line, f/p - ogre
Aim: an ogre, wielding a +0 giant club (almost dead, berserk, 82% to hit)
You shoot a bolt. The bolt closely misses the ogre.
The ogre rages.
The ogre completely misses you.
The ogre rages.
Shoot: a) +1 hand crossbow (chaos)
Press: ? - help, Q - select action, (/) - cycle Shift-Dir - straight line, f/p - ogre
Aim: an ogre, wielding a +0 giant club (almost dead, berserk, 82% to hit)
You shoot a bolt. The bolt hits the ogre.
The ogre is almost dead.
The ogre hits you with a +0 giant club!!!
Ouch! That really hurt!
You die...

............##....# ##........
.#.##.##...####...#######......
#.#...#...# #......##..#....#.
####.........####..............#
..#...........##........#......#
#....#..#......##.....>##..#####
#..........##..............#
#.##..########.hO.........##
#......#####....@.........###
.......#....................#
....l.....####...#...8.....##
..........# ##..#........##
........### #.......8..#####
........# ......#........#
........## .......#.8F8....#
(........# #...............#
.........## #.##...##.....###


You could see Prince Ribbit (wandering), an ogre (berserk) and a hound (strong).

Vanquished Creatures
  Sigmund (D:2)
  A black bear (D:3)
  The ghost of hquester the Skirmisher, an amateur DsAK of Lugonu (D:3)
  A phantom (D:3)
  2 elf zombies (Ossuary)
  A wyvern zombie (D:3)
  A centaur zombie (D:3)
  2 hounds
  A jelly (D:4)
  2 orc priests (D:4)
  A gnoll shaman (D:4)
  An iguana (D:5)
  Jessica (D:2)
  Terence (D:2)
  Natasha (thrice) (D:4)
  An orc wizard (D:4)
  A killer bee zombie (D:3)
  A hound zombie (Ossuary)
  4 mummies
  A howler monkey zombie (D:3)
  An adder (D:2)
  6 gnolls
  An adder zombie (Ossuary)
  2 worms (D:2)
  2 dart slugs (D:1)
  5 orcs (D:4)
  10 ball pythons
  10 endoplasms
  6 giant cockroaches
  11 goblins
  5 hobgoblins
  4 jackals (D:1)
  A quokka (D:1)
  9 bats
  2 frilled lizards (D:3)
  2 hobgoblin zombies (Ossuary)
  A jackal zombie (Ossuary)
  10 kobolds
  An orc zombie (Ossuary)
  9 rats
  A rat zombie (Ossuary)
127 creatures vanquished.

Vanquished Creatures (collateral kills)
  A human zombie (Ossuary)
  A mummy (Ossuary)
  A gnoll (D:4)
  6 orcs (D:4)
  A ball python (D:4)
  A gnoll zombie (Ossuary)
  A kobold zombie (Ossuary)
  A rat zombie (Ossuary)
13 creatures vanquished.

Vanquished Creatures (others)
  A gnoll (D:4)
  A goblin (D:4)
  A gnoll zombie (Ossuary)
3 creatures vanquished.

Grand Total: 143 creatures vanquished

Notes
Turn   | Place    | Note
-------+----------+-------------------------------------------
     0 | D:1      | hquester the Spriggan Hunter began the quest for the Orb.
     0 | D:1      | Reached XP level 1. HP: 10/10 MP: 2/2
   184 | D:1      | Reached XP level 2. HP: 15/15 MP: 3/3
   397 | D:1      | Got the Disquisition on the Creative Birds
   617 | D:1      | Found a faded altar of an unknown god.
   801 | D:1      | Reached XP level 3. HP: 18/18 MP: 4/4
  1331 | D:2      | Found a broken altar of Ashenzari.
  1478 | D:2      | Reached XP level 4. HP: 23/23 MP: 5/5
  1586 | D:2      | Noticed Jessica
  1590 | D:2      | Killed Jessica
  1980 | D:2      | Noticed Terence
  2021 | D:2      | Killed Terence
  2022 | D:2      | Reached skill level 5 in Crossbows
  2022 | D:2      | Reached XP level 5. HP: 27/27 MP: 6/6
  2083 | D:2      | Noticed Sigmund
  2344 | D:2      | Killed Sigmund
  2345 | D:2      | Reached XP level 6. HP: 32/32 MP: 7/7
  2389 | D:3      | Found a transporter.
  2760 | D:3      | Noticed hquester's ghost (amateur DsAK)
  2849 | D:3      | Found a transporter.
  3428 | D:3      | Reached skill level 5 in Dodging
  3428 | D:3      | Reached skill level 5 in Stealth
  3731 | D:3      | Reached XP level 7. HP: 36/36 MP: 8/8
  3811 | D:3      | Killed hquester's ghost
  4928 | D:4      | Noticed Natasha
  4935 | D:4      | Killed Natasha
  4956 | D:4      | Noticed Natasha
  4992 | D:4      | Killed Natasha
  5380 | D:4      | Reached XP level 8. HP: 42/42 MP: 9/9
  5504 | D:4      | Noticed Natasha
  5506 | D:4      | Killed Natasha
  5537 | D:5      | Entered Level 5 of the Dungeon
  5577 | D:5      | Noticed Prince Ribbit
  5587 | D:5      | Found a sand-covered staircase.
  5596 | Ossuary  | Entered an ossuary
  6255 | D:5      | Slain by an ogre

Illustrated notes

Levels and vault maps discovered:
D:1:      minmay_arrival_solitary_statue, layout_loops_ring,
          shapermc_ecumenical_altar_totnotflames
D:2:      layout_basic, basic_altar, uniq_sigmund, uniq_jessica, uniq_terence
D:3:      layout_basic, gammafunk_ghost_mausoleum
D:4:      layout_basic, serial_corexii_hall, corexii_hall_statues_t,
          chequers_hall_statues_corner_a, corexii_hall_statues_x,
          corexii_hall_statues_i, corexii_hall_statues_deadend,
          corexii_hall_statues_i, uniq_natasha
D:5:      layout_cave_pools, nicolae_ossuary_entry_ruins, serial_column_ruins,
          column_ruins_square_huge, column_ruins_hut,
          column_ruins_corridor_dead_end, column_ruins_open_tiny,
          column_ruins_columns_corner, corexii_checkpoint_a,
          hangedman_decor_riveting, uniq_menkaure, uniq_prince_ribbit1

Skill      XL: |  1  2  3  4  5  6  7  8 |
---------------+-------------------------+-----
Stealth        | 2 3 4 5 6 7 |  7.1
Dodging        | 3 4 5 6 |  6.4
Fighting       | 2 3 4 |  4.1
Crossbows      | 5 6 7 |  7.6
Spellcasting   | |  0.2

Action                   |  1- 3 |  4- 6 |  7- 9 || total
-------------------------+-------+-------+-------++-------
 Fire: Hand crossbow     |   132 |   147 |   224 ||   503
  Use: Scroll            |       |     6 |    10 ||    16
       Potion            |       |     1 |       ||     1
Armor: Robe              |     5 |     1 |       ||     6
Dodge: Dodged            |    32 |    67 |    44 ||   143

Table legend: (Time is in decaauts)
 A = Elapsed time spent in this place.
 B = Non-inter-level travel time spent in this place.
 C = Inter-level travel time spent in this place.
 D = Time resting spent in this place.
 E = Time spent auto-exploring this place.
 F = Levels seen in this place.
 G = Mean time per level.
                   A        B        C        D        E       F      G
               +--------+--------+--------+--------+--------+-----+--------+
         Total |   4636 |   4496 |    140 |    686 |   2116 |   6 |  772.7 |
       Dungeon |   4228 |   4088 |    140 |    544 |   2061 |   5 |  845.6 |
       Ossuary |    408 |    408 |      0 |    142 |     55 |   1 |  408.0 |
               +--------+--------+--------+--------+--------+-----+--------+

Top non-repeatable levels by time:
     D:4: 1178 daAuts
     D:3: 1149 daAuts
     D:2: 951 daAuts
     D:1: 800 daAuts
 Ossuary: 408 daAuts
     D:5: 148 daAuts
